 Dungeon Crawl Stone Soup version 0.30-a0-1050-g2766ea1e55 (webtiles) character file.

Game seed: 15280366289688668974

1180 CryoSword the Caller (level 8, -1/56 (57) HPs)
             Began as a Pale Draconian Hedge Wizard on Apr 10, 2023.
             Was an Initiate of Sif Muna.
             Shot with an arrow by a centaur (7 damage)
             ... on level 6 of the Dungeon.
             The game lasted 00:11:38 (6695 turns).

CryoSword the Caller (Pale Draconian Hedge Wizard)  Turns: 6695, Time: 00:11:39

HP:   -1/56 (57)    AC:  6    Str: 15    XL:     8   Next: 18%
MP:   7/12          EV: 12    Int: 14    God:    Sif Muna [......]
Gold: 320           SH:  0    Dex: 11    Spells: 2/13 levels left

rFire   . . .      SeeInvis .    s - +0 spear (venom)
rCold   . . .      Faith    .    (no shield)
rNeg    . . .      Spirit   .    (body armour unavailable)
rPois   .          Reflect  .    b - +0 hat
rElec   .          Rampage  .    (no cloak)
rCorr   +                        (no gloves)
Will    .....                    (no boots)
Stlth   ++                       (no amulet)
HPRegen 0.29/turn                q - ring of resist corrosion
MPRegen 0.13/turn                (no ring)

@: very slightly contaminated, lightly drained
A: breathe steam, AC +6, unfitting armour, cold-blooded, steam resistance
a: Breathe Steam, Renounce Religion


You were on level 6 of the Dungeon.
You worshipped Sif Muna.
Sif Muna was noncommittal.
You visited 2 branches of the dungeon, and saw 7 of its levels.
You also visited: Sewer.

You collected 320 gold pieces.

Inventory:

Hand Weapons
 s - a +0 spear of venom (weapon)
   (You took it off a gnoll sergeant on level 5 of the Dungeon)
Missiles
 j - 14 poisoned darts
Armour
 b - a +0 hat (worn)
Jewellery
 q - a ring of resist corrosion (left hand)
   (You found it on level 2 of the Dungeon)
Wands
 g - a wand of charming (9)
   (You took it off Ijyb on level 4 of the Dungeon)
 l - a wand of mindburst (7) (quivered)
   (You found it on level 2 of the Dungeon)
Scrolls
 d - 2 scrolls of fog
 k - a scroll of amnesia {unknown}
 n - 2 scrolls of brand weapon {unknown}
 r - 2 scrolls of enchant armour {unknown}
Potions
 a - a potion of lignification {unknown}
 c - a potion of magic
 e - a potion of ambrosia {unknown}
 f - 4 potions of flight
 h - a potion of heal wounds {unknown}
 i - a potion of brilliance {unknown}
 m - 3 potions of cancellation
 o - 5 potions of curing {@q1}


   Skills:
 - Level 1.7 Dodging
 - Level 1.7 Stealth
 - Level 3.0 Spellcasting
 + Level 5.2 Conjurations
 * Level 7.2 Summonings
 - Level 1.0 Translocations
 + Level 2.6 Fire Magic
 + Level 2.6 Air Magic


You had 2 spell levels left.
You knew the following spells:

 Your Spells              Type           Power      Damage    Failure   Level
a - Magic Dart            Conj           64%        1d6       2%          1
b - Call Imp              Summ           44%        N/A       1%          2
c - Call Canine Familiar  Summ           22%        N/A       3%          3
B - Blink                 Tloc           8%         N/A       22%         2
C - Mephitic Cloud        Conj/Pois/Air  9%         N/A       22%         3

Your spell library contained the following spells:

 Spells                   Type           Power      Damage    Failure   Level
 Summon Small Mammal      Summ           88%        N/A       1%          1
 Apportation              Tloc           8%         N/A       14%         1
 Necrotise                Necr           8%         1d4       22%         1
 Slow                     Hex            8%         N/A       22%         1
 Cigotuvi's Dreadful Rot  Necr/Pois/Air  8%         N/A       22%         2
 Summon Ice Beast         Ice/Summ       12%        N/A       43%         4
 Portal Projectile        Hex/Tloc       6%         N/A       45%         3
 Frozen Ramparts          Ice            4%         1d1       54%         3
 Summon Mana Viper        Hex/Summ       12%        N/A       80%         5
 Ice Form                 Ice/Tmut       2%         N/A       91%         4
 Leda's Liquefaction      Hex/Erth       1%         N/A       91%         4
 Monstrous Menagerie      Summ           11%        N/A       100%        7


Dungeon Overview and Level Annotations

Branches:
Dungeon (6/15)             Temple (1/1) D:5           Sewer (visited)

Altars:
Ashenzari
Cheibriados
Dithmenos
Hepliaklqana
Kikubaaqudgha
Okawaru
Ru
Sif Muna
Uskayaw
Wu Jian


Innate Abilities, Weirdness & Mutations

You can breathe blasts of scalding, opaque steam.
Your pale cyan-grey scales are hard. (AC +6)
You cannot fit into any form of body armour.
You are cold-blooded and may be slowed by cold attacks.
You are immune to the effects of steam.


Message History

You tail-slap the wight, but do no damage.
Your cerulean imp hits the wight from afar with a -2 spear.
The wight hits you but does no damage.
You hit the wight but do no damage.
Your hound closely misses the wight.
Your cerulean imp completely misses the wight.
The wight closely misses you.
Your hound barely misses the wight.
You hit the wight but do no damage.
Your hound bites the wight but does no damage.
Your cerulean imp closely misses the wight.
The wight hits you but does no damage.
You hit the wight.
Your tail-slap misses the wight.
Your hound barely misses the wight.
Your cerulean imp misses the wight.
Your hound bites the wight but does no damage.
The wight barely misses you.
You hit the wight but do no damage. You tail-slap the wight.
Your hound bites the wight.
Your cerulean imp hits the wight but does no damage.
The wight hits you with a +1 mace.
You closely miss the wight.
You tail-slap the wight, but do no damage.
Your hound bites the wight.
Your cerulean imp hits the wight from afar with a -2 spear.
The wight hits you with a +1 mace.
You feel drained.
Your hound closely misses the wight.
You closely miss the wight.
Your hound bites the wight but does no damage.
Your cerulean imp closely misses the wight.
The wight closely misses you.
You hit the wight but do no damage.
Your hound bites the wight.
Your cerulean imp closely misses the wight.
The wight hits you with a +1 mace.
You feel drained.
Your hound closely misses the wight.
You hit the wight.
Your tail-slap misses the wight.
Your hound bites the wight but does no damage.
Your cerulean imp hits the wight from afar with a -2 spear.
The wight is destroyed!
Sif Muna accepts your kill.
Search for what [Enter for "weapon", or ? for help]? weapon You swap places.
Things that are here:
a +0 robe; a +0 battleaxe You see here a +0 short sword.
There is a stone staircase leading up here.
You climb upwards.
Your summoned allies are left behind.
There is a stone staircase leading down here.
Things that are here:
a +0 scale mail; a +0 spear of venom
s - a +0 spear of venom Your +1 dagger of protection goes still.
Your +0 spear of venom begins to drip with poison!
s - a +0 spear of venom (weapon)
You drop a +1 dagger of protection.
There is a stone staircase leading down here.
You climb downwards.
There is a stone staircase leading up here.
You see here a +0 short sword.
Things that are here:
a +0 robe; a +0 battleaxe A wight comes into view.
It is wielding a +3 mace.
There is a large open door here.
Items here: )) [[.
A tiny devil pulls itself out of the air.
The wight hits you with a +3 mace!
You feel drained.
Your cerulean imp closely misses the wight.
You barely miss the wight.
Your tail-slap misses the wight.
The wight hits you with a +3 mace!
Your cerulean imp completely misses the wight.
You are too injured to fight recklessly!
The wight closely misses your hound.
Your hound bites the wight.
Your cerulean imp hits the wight from afar with a -2 spear.
Things that are here:
a +0 robe; a +0 mace You swap places.
The wight closely misses you.
Your cerulean imp barely misses the wight.
There is a large open door, spattered with blood here.
Items here: )) [[.
You swap places.
Your hound barely misses the wight.
The wight barely misses your hound.
Your hound barely misses the wight.
Your cerulean imp hits the wight but does no damage.
Things that are here:
a +0 robe; a +0 mace You are too injured to fight recklessly!
Reach: s) +0 spear (venom)
Aim: a wight, wielding a +3 mace and wearing a +0 robe (moderately damaged, ally target, about 43% to evade your +0 spear of venom)
You could not reach far enough!
Your hound bites the wight but does no damage.
The wight hits your hound with a +3 mace!
Your cerulean imp hits the wight but does no damage.
Reach: s) +0 spear (venom)
Aim: a wight, wielding a +3 mace and wearing a +0 robe (moderately damaged, ally target, about 43% to evade your +0 spear of venom)
You reach to attack!
You hit the wight.
Your hound bites the wight.
The wight barely misses your hound.
Your hound bites the wight.
Your cerulean imp barely misses the wight.
Reach: s) +0 spear (venom)
Aim: a wight, wielding a +3 mace and wearing a +0 robe (almost destroyed, ally target, about 43% to evade your +0 spear of venom)
You reach to attack!
You hit the wight but do no damage. Your hound misses the wight.
The wight closely misses your hound.
Your cerulean imp hits the wight but does no damage.
Your hound misses the wight.
Reach: s) +0 spear (venom)
Aim: a wight, wielding a +3 mace and wearing a +0 robe (almost destroyed, ally target, about 43% to evade your +0 spear of venom)
You reach to attack!
You barely miss the wight. The wight barely misses your hound.
Your hound bites the wight but does no damage.
Your cerulean imp barely misses the wight.
The wight hits your hound with a +3 mace!
Your hound dies!
Your hound's corpse disappears in a puff of smoke!
Reach: s) +0 spear (venom)
Aim: a wight, wielding a +3 mace and wearing a +0 robe (almost destroyed, ally target, about 43% to evade your +0 spear of venom)
You reach to attack!
You hit the wight.
You destroy the wight!
Sif Muna accepts your kill.
An arrow appears from out of your range of vision.
The arrow barely misses your cerulean imp.
A centaur comes into view.
It is wielding a +0 shortbow of flaming.
A centaur is nearby!
A centaur is nearby!
You are too injured to fight recklessly!
Unknown command.
The centaur shoots an arrow.
The arrow hits you!
* * * LOW HITPOINT WARNING * * *
The arrow burns you.
* * * LOW HITPOINT WARNING * * *
The centaur shoots an arrow.
The arrow hits you.
* * * LOW HITPOINT WARNING * * *
The arrow burns you.
* * * LOW HITPOINT WARNING * * *
The centaur shoots an arrow.
The arrow barely misses you.
The centaur shoots an arrow.
The arrow hits your cerulean imp but does no damage.
Your cerulean imp closely misses the centaur.
The centaur shoots an arrow.
The arrow hits your cerulean imp! The arrow burns your cerulean imp.
Your cerulean imp hits the centaur from afar with a -2 spear.
The centaur shoots an arrow.
The arrow hits your cerulean imp! The arrow burns your cerulean imp.
Your cerulean imp dies!
Your cerulean imp disappears in a puff of smoke!
You miscast Call Canine Familiar.
You are very lightly contaminated with residual magic.
Nothing appears to happen.
The centaur shoots an arrow.
The arrow hits you!
* * * LOW HITPOINT WARNING * * *
The arrow burns you.
* * * LOW HITPOINT WARNING * * *
The centaur shoots an arrow.
The arrow hits you!
You die...

#..#.#.##.......#
#..#.#.#........#
#..#.#.#........#
...#.#.#.......<#
.##c....#.#...#.#
8.8##.####.##.##+##
......§.....).# ...
8#.......####....
#....†@.# .....
.###.....[##......
..........[)......
####.....[##......
#.###### ..... #.
.... # ... ##


You could see a centaur.

Vanquished Creatures
  A kobold brigand (Sewer)
  A gnoll sergeant (D:5)
  2 wights (D:6)
  A jelly (D:5)
  Ijyb (D:4)
  4 gnolls
  3 adders
  A river rat (Sewer)
  2 worms
  3 dart slugs
  4 orcs
  7 ball pythons
  5 bats
  5 endoplasms
  2 giant cockroaches
  6 goblins
  4 hobgoblins
  6 jackals
  6 kobolds
  A quokka (D:2)
  3 frilled lizards
  7 rats
75 creatures vanquished.

Vanquished Creatures (collateral kills)
  2 ogres (D:5)
  2 scorpions (D:5)
  3 wights (D:6)
  4 hounds
  An orc priest (D:4)
  An iguana (D:5)
  Natasha (D:4)
  3 gnolls
  4 adders
  An ufetubus (D:5)
  A worm (D:2)
  6 orcs
  A ball python (D:3)
  2 endoplasms
  2 hobgoblins (D:3)
  2 jackals
  6 kobolds
  2 goblins
44 creatures vanquished.

Grand Total: 119 creatures vanquished

Notes
Turn   | Place    | Note
-------+----------+-------------------------------------------
     0 | D:1      | CryoSword the Draconian Hedge Wizard began the quest for
                  | the Orb.
     0 | D:1      | Reached XP level 1. HP: 14/14 MP: 4/4
   239 | D:1      | Reached XP level 2. HP: 16/20 MP: 6/6
   298 | D:1      | Learned a level 2 spell: Call Imp
   301 | D:1      | Learned a level 2 spell: Blink
   765 | D:1      | Reached skill level 2 in Summonings
  1239 | D:2      | Reached XP level 3. HP: 25/26 MP: 2/7
  1327 | D:2      | Found a faded altar of an unknown god.
  1540 | D:2      | Learned a level 3 spell: Call Canine Familiar
  2142 | D:2      | Reached XP level 4. HP: 23/33 MP: 4/8
  2243 | D:2      | Reached skill level 3 in Summonings
  2690 | D:3      | Found a broken altar of Ashenzari.
  2693 | D:3      | Found an iron altar of Okawaru.
  2694 | D:3      | Found a snail-covered altar of Cheibriados.
  2694 | D:3      | Found an ancient bone altar of Kikubaaqudgha.
  2694 | D:3      | Found a hide-covered altar of Uskayaw.
  2749 | D:3      | Found a glowing drain.
  2782 | Sewer    | Entered a sewer
  2909 | Sewer    | Noticed a kobold brigand
  2920 | Sewer    | Killed a kobold brigand
  2921 | Sewer    | Reached skill level 4 in Summonings
  2921 | Sewer    | Reached XP level 5. HP: 17/38 MP: 4/9
  3064 | Sewer    | Found a glowing silver altar of Zin.
  4159 | D:4      | Noticed Ijyb
  4184 | D:4      | Killed Ijyb
  4208 | D:4      | Reached XP level 6. HP: 30/45 MP: 3/10
  4687 | D:4      | Reached skill level 5 in Summonings
  5074 | D:4      | Noticed Natasha
  5082 | D:4      | Killed Natasha
  5411 | D:5      | Entered Level 5 of the Dungeon
  5499 | D:5      | Reached skill level 6 in Summonings
  5499 | D:5      | Your scales start taking on a pale cyan-grey colour.
  5499 | D:5      | Reached XP level 7. HP: 40/50 MP: 6/11
  5499 | D:5      | Gained mutation: You are immune to the effects of steam.
                  | [Pale Draconian growth]
  5723 | D:5      | Reached skill level 1 in Fire Magic
  5723 | D:5      | Reached skill level 1 in Air Magic
  6197 | D:5      | Found a staircase to the Ecumenical Temple.
  6211 | Temple   | Entered the Ecumenical Temple
  6216 | Temple   | Became a worshipper of Sif Muna the Loreminder
  6227 | D:5      | Learned a level 3 spell: Mephitic Cloud
  6509 | D:6      | Reached skill level 5 in Conjurations
  6570 | D:6      | Reached skill level 7 in Summonings
  6570 | D:6      | Reached XP level 8. HP: 54/57 MP: 10/12
  6695 | D:6      | Shot with an arrow by a centaur

Illustrated notes

Levels and vault maps discovered:
D:1:      lightli_arrival_statue_moat, layout_basic
D:2:      layout_loops_ring, ebering_ecumenical_altar_sacrificial,
          dk_noncrumbling_3, grunt_ministairs_14
D:3:      layout_loops_corners, minitemple, cheibrodos_sewer_entry_drain
D:4:      layout_cave_pods, uniq_natasha, uniq_ijyb
D:5:      layout_rooms, minmay_temple_entry_statues_fountains, st_stairs_5
D:6:      layout_basic, small_statue_intersection, uniq_duvessa
Temple:   hellmonk_temple_of_storms

Skill      XL: |  1  2  3  4  5  6  7 |
---------------+----------------------+-----
Conjurations   | 2 3 4 5 |  5.2
Summonings     | 2 4 6 7 |  7.2
Fire Magic     | 2 |  2.6
Air Magic      | 2 |  2.6
Dodging        | |  1.7
Stealth        | |  1.7
Spellcasting   | |  3.0
Translocations | |  1.0

Action                     |  1- 3 |  4- 6 |  7- 9 || total
---------------------------+-------+-------+-------++-------
  Melee: Dagger            |    40 |    44 |    84 ||   168
         Tailslap          |    12 |    18 |    13 ||    43
         Whip              |    52 |    14 |       ||    66
         Punch             |     1 |       |     2 ||     3
         Short sword       |       |   117 |       ||   117
         Spear             |       |       |     5 ||     5
   Cast: Magic Dart        |    75 |    16 |       ||    91
         Call Imp          |     9 |    28 |    13 ||    50
         Call Canine Famil |       |    19 |    12 ||    31
Ability: Breathe Steam     |       |       |     3 ||     3
  Evoke: Wand              |       |     4 |       ||     4
    Use: Scroll            |       |     4 |     1 ||     5
         Potion            |       |     2 |       ||     2
   Stab: Sleeping          |     4 |     1 |     2 ||     7
         Distracted        |     1 |       |     2 ||     3
 Armour: Skin              |    32 |    70 |    33 ||   135
  Dodge: Dodged            |    66 |   124 |    67 ||   257

Table legend: (Time is in decaauts)
 A = Elapsed time spent in this place.
 B = Non-inter-level travel time spent in this place.
 C = Inter-level travel time spent in this place.
 D = Time resting spent in this place.
 E = Time spent auto-exploring this place.
 F = Levels seen in this place.
 G = Mean time per level.
                   A        B        C        D        E       F      G
               +--------+--------+--------+--------+--------+-----+--------+
         Total |   6700 |   6583 |    117 |    319 |   5038 |   8 |  837.5 |
       Dungeon |   6312 |   6195 |    117 |    145 |   4902 |   6 | 1052.0 |
        Temple |     10 |     10 |      0 |      0 |      0 |   1 |   10.0 |
         Sewer |    376 |    376 |      0 |    174 |    135 |   1 |  376.0 |
               +--------+--------+--------+--------+--------+-----+--------+

Top non-repeatable levels by time:
     D:4: 1360 daAuts
     D:2: 1310 daAuts
     D:1: 1240 daAuts
     D:3: 1210 daAuts
     D:5: 1001 daAuts
   Sewer: 376 daAuts
     D:6: 189 daAuts
  Temple: 10 daAuts
